 Dungeon Crawl Stone Soup version 0.27.1-33-g824d729ab1 (webtiles) character file.

Game seed: 10299578197403747563

237 jlumianski the Ducker (level 6, -1/53 HPs)
             Began as a Gnoll Monk on Dec 23, 2021.
             Slain by safid's ghost (9 damage)
             ... on level 3 of the Dungeon.
             The game lasted 00:16:45 (3917 turns).

jlumianski the Ducker (Gnoll Monk)                  Turns: 3917, Time: 00:16:45

Health: -1/53      AC: 10    Str: 13    XL:     6   Next: 6%
Magic:  8/8        EV:  7    Int:  9    God:
Gold:   117        SH:  0    Dex: 14    Spells: 7/8 levels left

rFire    . . .     SeeInvis .   a - +0 hand axe
rCold    . . .     Faith    .   (no shield)
rNeg     . . .     Spirit   .   q - +0 chain mail
rPois    .         Reflect  .   (no helmet)
rElec    .         Harm     .   (no cloak)
rCorr    .         Rampage  .   c - +1 pair of gloves
Will     .....                  (no boots)
Stlth    ..........             (no amulet)
HPRegen  0.17/turn              (no ring)
MPRegen  0.11/turn              (no ring)

@: no status effects
A: fangs 1, strong nose, distributed training
a: no special abilities


You were on level 3 of the Dungeon.
You visited 1 branch of the dungeon, and saw 3 of its levels.

You collected 117 gold pieces.

Inventory:

Hand Weapons
 a - a +0 hand axe (weapon)
 p - a +0 morningstar
Missiles
 d - 2 throwing nets
 f - 118 stones
 g - 67 sling bullets
 h - 13 poisoned darts (quivered)
 l - 9 atropa-tipped darts
 t - 13 bolts
Armour
 b - a +0 robe
 c - a +1 pair of gloves (worn)
 e - a +0 leather armour
 m - a +0 ring mail
 q - a +0 chain mail (worn)
 s - a +0 chain mail
Magical Staves
 r - a staff of earth
Jewellery
 k - a ring of fire
Scrolls
 n - 2 scrolls of identify {unknown}
Potions
 i - a potion of curing
 j - a potion of brilliance
 o - a potion of attraction {unknown}


   Skills:
 + Level 6.8 Fighting
 + Level 1.8 Short Blades
 + Level 1.8 Long Blades
 + Level 6.8 Axes
 + Level 1.8 Maces & Flails
 + Level 1.8 Polearms
 + Level 1.8 Staves
 + Level 1.8 Slings
 + Level 1.8 Bows
 + Level 1.8 Crossbows
 + Level 1.8 Throwing
 + Level 1.8 Armour
 + Level 6.8 Dodging
 + Level 4.5 Stealth
 + Level 1.8 Shields
 + Level 1.8 Unarmed Combat
 + Level 1.8 Spellcasting
 + Level 1.4 Conjurations
 + Level 1.4 Hexes
 + Level 1.4 Summonings
 + Level 1.4 Necromancy
 + Level 1.4 Translocations
 + Level 1.4 Transmutations
 + Level 1.4 Fire Magic
 + Level 1.4 Ice Magic
 + Level 1.4 Air Magic
 + Level 1.4 Earth Magic
 + Level 1.4 Poison Magic
 + Level 2.0 Invocations
 + Level 1.8 Evocations


You had 7 spell levels left.
You knew the following spells:

 Your Spells              Type           Power      Damage    Failure   Level
a - Pain                  Necr           12%        1d4       99%         1

Your spell library contained the following spells:

 Spells                   Type           Power      Damage    Failure   Level
 Agony                    Necr           3%         N/A       100%        5
 Excruciating Wounds      Necr           1%         N/A       100%        5


Dungeon Overview and Level Annotations

Branches:
Dungeon (3/15)

Altars:
Gozag

Annotations:
D:3 safid's ghost, amateur HOFi


Innate Abilities, Weirdness & Mutations

You have very sharp teeth.
Your uncanny sense of smell can sniff out nearby items.
Your experience applies equally to all skills.


Message History

Moving in this stuff is going to be slow.
There is an escape hatch in the ceiling here.
Safid's ghost turns its malevolent gaze towards you.
You open the door.
Casting: Pain (safe; 99% risk of failure)
Confirm with . or Enter, or press ? or * to list all spells.
Okay, then.
Unknown command.
Unknown command.
Unknown command.
You hit safid's ghost.
Safid's ghost is lightly damaged.
Safid's ghost closely misses you.
You slash safid's ghost!
Safid's ghost is lightly damaged.
Safid's ghost hits you but does no damage.
You hit safid's ghost.
Safid's ghost is lightly damaged.
Safid's ghost completely misses you.
You hit safid's ghost.
Safid's ghost is moderately damaged.
Safid's ghost barely misses you.
You hit safid's ghost but do no damage.
Safid's ghost is moderately damaged.
Safid's ghost hits you!
You hit safid's ghost but do no damage.
Safid's ghost is moderately damaged.
Safid's ghost hits you.
You hit safid's ghost but do no damage.
Safid's ghost is moderately damaged.
Safid's ghost wails.
Safid's ghost hits you!
You closely miss safid's ghost.
Safid's ghost is lightly damaged.
Safid's ghost hits you!
* * * LOW HITPOINT WARNING * * *
You hit safid's ghost but do no damage.
Safid's ghost is lightly damaged.
Safid's ghost hits you!
You die...

##########.#..#.###.###.#)#
#.............#.# #.##..#.#
#.########.####.#
#.##)##.## #.# #......#
#.##.##..# #†#
######.###....###.# #<#
#..#####.##..# ### ##.#
#.##.## #####.# #.##.#
#..#W@# #.##.# #8$'..#
#.##.# #..#.## #.##.##
###### ##.##..# #..###.#
#.####.# #.# #..# #.# #.##
#.# #.#


You could see safid's ghost.

Vanquished Creatures
  Terence (D:2)
  Natasha (D:2)
  A gnoll (D:1)
  6 adders (D:2)
  A worm (D:3)
  5 dart slugs
  5 orcs (D:3)
  12 endoplasms
  8 giant cockroaches
  13 hobgoblins
  7 jackals
  3 quokkas
  11 ball pythons
  A ball python skeleton (D:2)
  8 bats
  A frilled lizard (D:2)
  9 goblins
  2 kobolds
  5 rats
100 creatures vanquished.

Vanquished Creatures (others)
  2 withered plants (D:3)
2 creatures vanquished.

Grand Total: 102 creatures vanquished

Notes
Turn   | Place    | Note
-------+----------+-------------------------------------------
     0 | D:1      | jlumianski the Gnoll Monk began the quest for the Orb.
     0 | D:1      | Reached XP level 1. HP: 23/23 MP: 1/1
   170 | D:1      | Reached XP level 2. HP: 27/29 MP: 2/2
   364 | D:1      | Reached XP level 3. HP: 28/35 MP: 3/3
   613 | D:1      | Reached skill level 1 in Invocations
   735 | D:1      | Found a faded altar of an unknown god.
   916 | D:2      | Reached skill level 1 in Short Blades
   916 | D:2      | Reached skill level 1 in Long Blades
   916 | D:2      | Reached skill level 1 in Maces & Flails
   916 | D:2      | Reached skill level 1 in Polearms
   916 | D:2      | Reached skill level 1 in Staves
   916 | D:2      | Reached skill level 1 in Slings
   916 | D:2      | Reached skill level 1 in Bows
   916 | D:2      | Reached skill level 1 in Crossbows
   916 | D:2      | Reached skill level 1 in Throwing
   916 | D:2      | Reached skill level 1 in Armour
   916 | D:2      | Reached skill level 1 in Shields
   916 | D:2      | Reached skill level 1 in Unarmed Combat
   916 | D:2      | Reached skill level 1 in Spellcasting
   916 | D:2      | Reached skill level 1 in Evocations
   916 | D:2      | Reached XP level 4. HP: 41/41 MP: 5/5
  1611 | D:2      | Reached skill level 1 in Conjurations
  1611 | D:2      | Reached skill level 1 in Hexes
  1611 | D:2      | Reached skill level 1 in Summonings
  1611 | D:2      | Reached skill level 1 in Necromancy
  1611 | D:2      | Reached skill level 1 in Translocations
  1611 | D:2      | Reached skill level 1 in Transmutations
  1611 | D:2      | Reached skill level 1 in Fire Magic
  1611 | D:2      | Reached skill level 1 in Ice Magic
  1611 | D:2      | Reached skill level 1 in Air Magic
  1611 | D:2      | Reached skill level 1 in Earth Magic
  1611 | D:2      | Reached skill level 1 in Poison Magic
  1968 | D:2      | Reached XP level 5. HP: 47/47 MP: 6/6
  2000 | D:2      | Learned a level 1 spell: Pain
  2103 | D:2      | Found an opulent altar of Gozag.
  2118 | D:2      | Noticed Natasha
  2128 | D:2      | Killed Natasha
  2255 | D:2      | Noticed Terence
  2266 | D:2      | Killed Terence
  3242 | D:3      | Reached XP level 6. HP: 30/53 MP: 8/8
  3623 | D:3      | Found a runed translucent door.
  3624 | D:3      | Noticed safid's ghost (amateur HOFi)
  3917 | D:3      | Slain by safid's ghost

Illustrated notes

Levels and vault maps discovered:
D:1:      shiori_arrival_elements, layout_basic, ebering_ecumenical_altar_mist
D:2:      layout_loops_ring, serial_co_window_serial, co_window_paths_b,
          co_window_corner_a, co_window_paths_b, co_window_paths_a,
          co_window_paths_b, co_window_broadway_b, co_window_unsneaky_path_a,
          co_window_corner_b, co_window_corner_b, co_window_of_opportunity_c,
          co_window_of_opportunity_c, co_window_cross_3, co_window_4corner_a,
          glass_columns_a, glass_columns_b, glass_columns_a, glass_columns_a,
          glass_columns_a, basic_altar, minmay_divided_ellipse, uniq_terence,
          uniq_natasha
D:3:      layout_basic, gammafunk_ghost_grave, hex_intersection, minivault_4,
          minmay_checkerbox

Skill      XL: |  1  2  3  4  5  6 |
---------------+-------------------+-----
Invocations    | 1 2 |  2.0
Short Blades   | 1 |  1.8
Long Blades    | 1 |  1.8
Maces & Flails | 1 |  1.8
Polearms       | 1 |  1.8
Staves         | 1 |  1.8
Slings         | 1 |  1.8
Bows           | 1 |  1.8
Crossbows      | 1 |  1.8
Throwing       | 1 |  1.8
Armour         | 1 |  1.8
Shields        | 1 |  1.8
Unarmed Combat | 1 |  1.8
Spellcasting   | 1 |  1.8
Evocations     | 1 |  1.8
Conjurations   | 1 |  1.4
Hexes          | 1 |  1.4
Summonings     | 1 |  1.4
Necromancy     | 1 |  1.4
Translocations | 1 |  1.4
Transmutations | 1 |  1.4
Fire Magic     | 1 |  1.4
Ice Magic      | 1 |  1.4
Air Magic      | 1 |  1.4
Earth Magic    | 1 |  1.4
Poison Magic   | 1 |  1.4
Fighting       | |  6.8
Axes           | |  6.8
Dodging        | |  6.8
Stealth        | |  4.5

Action                   |  1- 3 |  4- 6 || total
-------------------------+-------+-------++-------
Melee: Hand axe          |   104 |   251 ||   355
       Bite              |    12 |    17 ||    29
       Punch             |       |     1 ||     1
Throw: Stone             |     4 |       ||     4
       Dart              |     3 |    35 ||    38
  Use: Scroll            |     2 |     2 ||     4
       Potion            |       |     2 ||     2
 Stab: Sleeping          |     9 |       ||     9
Armor: Robe              |    12 |       ||    12
       Leather armour    |     7 |     7 ||    14
       Ring mail         |       |    35 ||    35
       Chain mail        |       |    55 ||    55
Dodge: Dodged            |    69 |   125 ||   194
